Cogmind - Beta 16.1 @@@ ROGUE MODE // 2026.02.10 @ 20:15:45 // Winter2019/RPGLIKE Player: Erik Result: Destroyed by 6I-C5H(R) with Subdweller Laser Performance ------------- Evolutions (0) 0 Regions Visited (2) 400 Robots Destroyed (41) 205 Value Destroyed (1045) 1045 Prototype IDs (2) 40 Alien Tech Used (0) 0 Bonus (16) 16 TOTAL SCORE: 1706 Bonus ------- High Alert Combat Kills 16 Cogmind --------- Core Integrity 0/850 Matter 300/300 Energy 265/265 System Corruption 0% Temperature Cool (6) Movement Walking (120) Location -10/Subcaves Parts ------- > --- POWER (2) -------- Improved Ion Engine > --- PROPULSION (2) --- Aluminum Leg Aluminum Leg > --- UTILITY (3) ------ Structural Scanner Signal Interpreter Seismic Detector > --- WEAPON (3) ------- Plasma Cutter Plasma Cutter Hammer > --- INVENTORY (1) ---- (None) Peak State ------------ > --- POWER ------------ Improved Ion Engine Improved Ion Engine > --- PROPULSION ------- Aluminum Leg Aluminum Leg > --- UTILITY ---------- Structural Scanner Signal Interpreter Seismic Detector > --- WEAPON ----------- Plasma Cutter Plasma Cutter Hammer > --- INVENTORY -------- (None) [Rating: 14] Favorites ----------- Power Improved Ion Engine Engine Improved Ion Engine Propulsion Light Treads Treads Light Treads Leg Aluminum Leg Utility Structural Scanner Device Structural Scanner Processor Signal Interpreter Protection Weapon Shielding Weapon Plasma Cutter Energy Gun Small Laser Ballistic Gun Assault Rifle Launcher EMP Blaster Special Weapon Plasma Cutter Impact Weapon Hammer Build | -11 -10 -10 ------- Run | Yrd Mat Sub Slots Evolved 6 | 4 2 . Power 1 | 1 . . Propulsion 1 | 1 . . Utility 2 | 1 1 . Weapon 2 | 1 1 . Parts Attached 25 | 6 19 . Power 6 | 2 4 . Engine 6 | 2 4 . Core . | . . . Reactor . | . . . Propulsion 5 | 2 3 . Treads 3 | 2 1 . Leg 2 | . 2 . Wheel . | . . . Hover . | . . . Flight . | . . . Utility 6 | . 6 . Device 3 | . 3 . Storage . | . . . Processor 2 | . 2 . Hackware . | . . . Protection 1 | . 1 . Artifact . | . . . Weapon 8 | 2 6 . Energy Gun 2 | 1 1 . Energy Cannon . | . . . Ballistic Gun 1 | 1 . . Ballistic Cannon . | . . . Launcher 1 | . 1 . Special Weapon 3 | . 3 . Impact Weapon 1 | . 1 . Slashing Weapon . | . . . Piercing Weapon . | . . . Special Melee Weapon . | . . . Unidentified Prototypes . | . . . Parts Lost 1 | . 1 . Power 1 | . 1 . Propulsion . | . . . Utility . | . . . Weapon . | . . . Highest Loss Streak 1 | . 1 . To Critical Strikes . | . . . Average Backups . | . . . Power . | . . . Propulsion . | . . . Utility . | . . . Weapon . | . . . Tool/Special . | . . . Unused Backups 3 | . 3 . Power . | . . . Propulsion . | . . . Utility 1 | . 1 . Weapon 1 | . 1 . Tool/Special 1 | . 1 . Average Slot Usage (%) 91 | . 92 90 Engine 21 | . 21 10 Treads 16 | . 17 . Leg 3 | . 3 20 Device 21 | . 21 20 Processor 1 | . 1 10 Energy Gun 2 | . 2 . Ballistic Gun 6 | . 7 . Special Weapon 9 | . 9 20 Impact Weapon 7 | . 7 10 Peak Build Rating 14 | 6 14 12 Average Rating 10 | 5 10 12 On Entrance 6 | . 6 12 Avg Prop Armor Cover (%) . | . . . Naked Turns . | . . . Heaviest Build 21 | 12 21 13 Greatest Support 45 | 45 45 25 Greatest Overweight (x) 2 | 1 2 . Average Overweight (x) . | . . . Largest Inventory Capacity 1 | 1 1 1 Average Capacity 1 | 1 1 1 Most Carried 1 | 1 1 . Average Carried . | . . . Final Capacity 1 | 1 1 1 Final Carried . | . . . Class Distribution -------------------- 95% | Mutant 4% | Skirmisher Dominant Class ---------------- Mutant | -10/Materials Mutant | -10/Subcaves Resources | -11 -10 -10 ----------- Run | Yrd Mat Sub Matter Collected 746 | 242 504 . Remotely . | . . . Salvage Created 1419 | . 1419 . Parts 67 | . 67 . Haulers Intercepted 1 | . 1 . Recyclers Shooed . | . . . Parts Field Recycled . | . . . Retrieved Matter . | . . . Parts Self-Destructed . | . . . Prevented . | . . . Parts Restored . | . . . Kills | -11 -10 -10 ------- Run | Yrd Mat Sub Combat Hostiles Destroyed 19 | . 19 . Melee 3 | . 3 . Guns 10 | . 10 . Classes Destroyed 9 | . 9 . Worker 9 | . 9 . Builder 6 | . 6 . Tunneler 2 | . 2 . Hauler 1 | . 1 . Recycler 1 | . 1 . Operator 1 | . 1 . Watcher 2 | . 2 . Swarmer 3 | . 3 . Grunt 16 | . 16 . Best Kill Streak 10 | . 10 . Combat Bots Only 3 | . 3 . Max Kills in Single Turn 2 | . 2 . Gunslinging . | . . . Exploded . | . . . Melee 1 | . 1 . Uniques/NPCs Destroyed . | . . . Combat | -11 -10 -10 -------- Run | Yrd Mat Sub Hostile Shots Fired 144 | . 117 27 Missed 39 | . 35 4 Hits 105 | . 82 23 Projectile 105 | . 82 23 Critical Strikes 5 | . 3 2 Damage Taken 1570 | . 1095 475 Core 1244 | . 851 393 Absorbed by Shields . | . . . Redirected to Core 1003 | . 708 295 Redirected to Shielding 18 | . 18 . Core Remaining (%) 100 | 100 . . Volleys Fired 65 | . 65 . Largest 2 | . 2 . Hottest 60 | . 60 . Shots Fired 116 | . 116 . Gun 102 | . 102 . Cannon . | . . . Launcher 9 | . 9 . Special 5 | . 5 . Kinetic 64 | . 64 . Thermal 43 | . 43 . Explosive . | . . . Electromagnetic 9 | . 9 . Robot Hit Streak 15 | . 15 . Robot Miss Streak 5 | . 5 . Penetration Max . | . . . Secondary Targets . | . . . Shots Hit Robots 123 | . 113 10 Core Hits 42 | . 42 . Critical Kills 1 | . 1 . Critical Parts Destroyed 6 | . 5 1 Critical Strikes 7 | . 6 1 Smash 7 | . 6 1 Melee Attacks 58 | . 48 10 Impact 58 | . 48 10 Slashing . | . . . Piercing . | . . . Sneak Attacks 10 | . 10 . Combat Hostiles . | . . . Follow-up Attacks . | . . . Damage Inflicted 2927 | . 2622 305 Guns 732 | . 732 . Cannons . | . . . Explosions 434 | . 434 . Melee 1727 | . 1422 305 Ramming . | . . . Kinetic 491 | . 491 . Thermal 380 | . 380 . Explosive . | . . . Electromagnetic 329 | . 329 . Impact 1727 | . 1422 305 Slashing . | . . . Piercing . | . . . Highest Corruption . | . . . Average Corruption . | . . . Corruption Purged . | . . . Corruption Blocked . | . . . Overload Shots . | . . . Overflow Damage 421 | . 399 22 Projectiles 11 | . 11 . Explosions 32 | . 32 . Melee 378 | . 356 22 Knockbacks 12 | . 8 4 Impact 11 | . 7 4 Kinetic . | . . . Secondary 1 | . 1 . Self-Inflicted Damage 99 | . 99 . Shots 8 | . 8 . Rammed 1 | . 1 . Targets Rammed 1 | . 1 . Kicked . | . . . Crushed . | . . . Highest Temperature 240 | . 12 240 Average Temperature 55 | . 3 124 Received Heat Transfer 991 | . 582 409 Siege Activations . | . . . Martial Activations . | . . . Shielding Activations . | . . . Robots Disrupted . | . . . Combat Hostiles . | . . . Robots Corrupted 10 | . 10 . Combat Hostiles 6 | . 6 . Parts Fried 18 | . 18 . Impact Corruptions 19 | . 18 1 Robots Melted . | . . . Combat Hostiles . | . . . Parts Melted . | . . . Heat Transferred 861 | . 861 . Parts Sabotaged . | . . . Parts Stolen . | . . . Parts Stripped . | . . . Power Chain Reactions 4 | . 4 . Alert | -11 -10 -10 ------- Run | Yrd Mat Sub Maximum Alert Level 2 | . 2 . Low Security (%) 58 | 100 55 . Level 1 16 | . 17 . Level 2 25 | . 27 . Level 3 . | . . . Level 4 . | . . . Level 5 . | . . . High Security . | . . . Max Security . | . . . Peak Influence 622 | . 622 . Initial . | . . . Average 220 | . 236 . Influence Increases 1227 | . 1227 . Destroy 0b10 Robot/C 380 | . 380 . Destroy 0b10 Robot/NC 110 | . 110 . Destroy Leader 106 | . 106 . Successful Hack 35 | . 35 . Disable Machine 465 | . 465 . Destroy Structure 11 | . 11 . Lose Combat Pursuer 120 | . 120 . Influence Decreases 968 | . 612 356 Entered New Map 296 | . . 296 Time Decay 672 | . 612 60 Squads Dispatched 6 | . 6 . Investigation 4 | . 4 . Extermination . | . . . Reinforcement 2 | . 2 . Assault . | . . . Garrison . | . . . Intercept . | . . . Searches Triggered . | . . . Construction Impeded . | . . . Haulers Reinforced . | . . . Active Scanning Responses . | . . . Cargo Convoy Interrupts . | . . . Stealth | -11 -10 -10 --------- Run | Yrd Mat Sub Distress Signals 2 | . 2 . Communications Jammed . | . . . Distress Signals . | . . . Times Spotted 51 | . 41 10 Peak Tracking Total 7 | . 4 7 Tactical Retreats 8 | . 8 . Traps | -11 -10 -10 ------- Run | Yrd Mat Sub Traps Triggered 2 | . 2 . Indirectly . | . . . Trap Hack Attempts . | . . . Triggered . | . . . Disarmed . | . . . Reprogrammed . | . . . Reused . | . . . Traps Extracted . | . . . Installed . | . . . Triggered . | . . . Machines | -11 -10 -10 ---------- Run | Yrd Mat Sub Machines Disabled 34 | . 34 . Max in Single Turn 1 | . 1 . Machines Repaired . | . . . Machines Dismantled 33 | . 33 . Machines Sabotaged . | . . . Overloaded Fab Kills . | . . . Hacking | -11 -10 -10 --------- Run | Yrd Mat Sub Machines Accessed 9 | . 9 . Terminals 6 | . 6 . Fabricators . | . . . Repair Stations 1 | . 1 . Recycling Units 2 | . 2 . Scanalyzers . | . . . Garrison Access . | . . . Total Hacks 38 | . 38 . Successful 26 | . 26 . Failed 11 | . 11 . Catastrophic . | . . . Database Lockouts 1 | . 1 . Manual . | . . . Terminals 26 | . 26 . Fabricators . | . . . Repair Stations 3 | . 3 . Recycling Units 9 | . 9 . Scanalyzers . | . . . Garrison Access . | . . . Terminal Hacks 17 | . 17 . Record 6 | . 6 . Prototype ID Bank 1 | . 1 . Terminal Index 1 | . 1 . Alert Level 3 | . 3 . Locate Traps 1 | . 1 . Dispatch Records 1 | . 1 . Maintenance Status 2 | . 2 . Registered Components 1 | . 1 . Zone Layout 1 | . 1 . Fabricator Hacks . | . . . Repair Station Hacks 2 | . 2 . Scan Component 1 | . 1 . Repair 1 | . 1 . Recycling Unit Hacks 7 | . 7 . Recycle Component 4 | . 4 . Process 1 | . 1 . Report Inventory 1 | . 1 . Retrieve Matter 1 | . 1 . Scanalyzer . | . . . Garrison Access Hacks . | . . . Unauthorized Hacks . | . . . Terminals . | . . . Fabricators . | . . . Repair Stations . | . . . Recycling Units . | . . . Scanalyzers . | . . . Garrison Access . | . . . Data Cores Recovered . | . . . Used . | . . . Hacking Detections 9 | . 9 . Full Trace Events 9 | . 9 . Feedback Events . | . . . Feedback Blocked . | . . . Robot Schematics Acquired . | . . . Robots Built . | . . . Authchips . | . . . Time . | . . . Total Robot Build Rating . | . . . Part Schematics Acquired . | . . . Parts Built . | . . . Authchips . | . . . Time . | . . . Total Part Build Rating . | . . . Part Studies Acquired . | . . . Parts Repaired . | . . . Time 32 | . 32 . Parts Recycled 4 | . 4 . Recycled Matter 187 | . 187 . Retrieved Matter 415 | . 415 . Retrieved Components . | . . . Parts Scanalyzed . | . . . Part Schematics Acquired . | . . . Parts Damaged . | . . . Bothacking | -11 -10 -10 ------------ Run | Yrd Mat Sub Used RIF Installer . | . . . Robots Hacked . | . . . Non-combat . | . . . Combat . | . . . Robot Hacks Applied . | . . . Relay Couplers Released . | . . . Fabnet Peak Effective % . | . . . Robots Rewired . | . . . Allies Hacked . | . . . Hacks Repelled . | . . . Allies | -11 -10 -10 -------- Run | Yrd Mat Sub Total Allies . | . . . Largest Group . | . . . Highest-Rated Group . | . . . Highest-Rated Ally . | . . . Total Orders . | . . . Ally Attacks . | . . . Total Damage . | . . . Kills . | . . . Allies Corrupted . | . . . Allies Melted . | . . . Intel | -11 -10 -10 ------- Run | Yrd Mat Sub Active Infowar (turns) 4124 | . 4004 120 Terrain 280 | . 280 . Structural 4124 | . 4004 120 Seismic 3776 | . 3656 120 Robot Analysis Total . | . . . Derelict Logs Recovered . | . . . Drone Launches . | . . . Drone Recoveries . | . . . Exploration | -11 -10 -10 ------------- Run | Yrd Mat Sub Turns Passed 4598 | 309 4169 120 Spaces Moved 2197 | 193 1927 77 Core 11 | 10 1 . Treads 1601 | 183 1418 . Legs 585 | . 508 77 Wheels . | . . . Hover . | . . . Flight . | . . . Fastest Speed 50 | 50 120 120 Average Speed 148 | 154 149 120 Slowest Speed 190 | 160 190 120 Overloaded Moves . | . . . Propulsion Burnouts . | . . . Robots Hopped . | . . . Potential Cave-ins . | . . . Cave-ins Triggered . | . . . Exploration Rate (%) 37 | 7 99 7 Regions Visited 2 Branch Regions 1 Pre-discovered Areas . | . . . Known Exits Taken 1 | . 1 . Unknown Exits Taken 1 | 1 . . Scrap Searched . | . . . Spaces Dug . | . . . Terrain Destroyed 10 | . 10 . Melee . | . . . Projectile . | . . . AOE 10 | . 10 . Terrain Rammed . | . . . Walls Destroyed . | . . . Machines Disabled . | . . . Actions | -11 -10 -10 --------- Run | Yrd Mat Sub Total 2731 | 202 2441 88 Wait 38 | . 37 1 Move 2195 | 192 1926 77 Hop . | . . . Pick Up 20 | 4 16 . Fast Attach 11 | 2 9 . Attach 13 | 4 9 . Detach 3 | . 3 . Swap 4 | . 4 . Drop 17 | . 17 . Fire 65 | . 65 . Melee 58 | . 48 10 Ram . | . . . Kick . | . . . Crush 1 | . 1 . Escape Stasis . | . . . Rewire . | . . . Trap . | . . . Miscellaneous 306 | . 306 . Route ------- -11/Scrapyard -10/Materials (discovered 5 exits: *Mat x3 / *Min / *Sub) -10/Subcaves History --------- Turn | Location | Event 1 | -11/Scrapyard | Upgraded with Power slot (x1) 1 | -11/Scrapyard | Upgraded with Propulsion slot (x1) 1 | -11/Scrapyard | Upgraded with Utility slot (x1) 1 | -11/Scrapyard | Upgraded with Weapon slot (x1) 8 | -11/Scrapyard | Discovered new exit (range 16) 310 | -11/Scrapyard | Entered Materials 311 | -10/Materials | Build established: Mutant 328 | -10/Materials | Discovered new exit (range 17) 375 | -10/Materials | Discovered new exit (range 12) 1217 | -10/Materials | Discovered new exit (range 17) 1465 | -10/Materials | Reached level 2 1470 | -10/Materials | Upgraded with Weapon slot (x1) 2274 | -10/Materials | Discovered new exit (range 8) 2637 | -10/Materials | Reached level 3 3353 | -10/Materials | Core integrity fell below 50% 3524 | -10/Materials | Central database locked down 3627 | -10/Materials | Discovered new exit (range 9) 3990 | -10/Materials | Reached level 4 3993 | -10/Materials | Upgraded with Utility slot (x1) 4208 | -10/Materials | Identified exit to Materials 4415 | -10/Materials | Identified exit to Mines 4478 | -10/Materials | Identified exit to Subcaves 4479 | -10/Materials | Entered Subcaves 4480 | -10/Subcaves | Approached by a straggling Scientist 4560 | -10/Subcaves | Ambushed by swarm of Subdwellers 4564 | -10/Subcaves | Ambushed by Subdwellers from Twisted Machinery 4566 | -10/Subcaves | Ambushed by Subdwellers from Twisted Machinery 4569 | -10/Subcaves | Ambushed by Subdwellers from Twisted Machinery 4582 | -10/Subcaves | Core integrity fell below 20% 4599 | -10/Subcaves | Destroyed by 6I-C5H(R) with Subdweller Laser Last Messages --------------- effect. 04576_ O6-GUY(R) destroyed. 04577_ Subatomizers dissect the Sub. Machine Gun. 04578_ T4-XTF(R) knocked back. 04580_ RM-D21(R) destroyed. 04580_ NY-3Q9(R) affixes Scrap Shield Fragment to Scrap Shield. 04581_ T4-XTF(R) destroyed. 04585_ Protomatter-48 decays. 04587_ NY-3Q9(R) destroyed. 04590_ 6I-C5H(R) affixes Scrap Shield Fragment to Scrap Shield. 04591_ Subatomizers dissect the Beamcaster. 04591_ 6X-RTA(R) affixes Scrap Shield Fragment to Scrap Shield. 04592_ 6X-RTA(R) destroyed. 04595_ 81-7MM(R) knocked back. 04596_ 81-7MM(R) affixes Scrap Shield Fragment to Scrap Shield. Map ----- +----------------------------------------------------+ | ?????????????????????????????????????????????????? | | ?????????????????????????????????????????????????? | | ?????????????????????????????????????????????????? | | ?????????????????????????????????????????????????? | | ?????????????????????????????????????????????????? | | ?????????????????????????????????????????????????? | | ?????????????????????????????????????????????????? | | ?????????????????????????????????????????????????? | | ?????????????????????????????????????????????????? | | ?????????????????????????????????????????????????? | | ?????????????????????????????????????????????????? | | ?????????????????????????????????????????????????? | | ?????????????????????????????????????????????????? | | ?????????????????????????????????????????????????? | | ?????????????????????????????????????????????????? | | ??????????????????????########???????????????????? | | ??????????????????????#########??????????????????? | | ??????????????????????## ####?????????????????? | | ??????????????????????### ####????????????????? | | ???????????????????????## ####### ???????????? | | ???????????????????????## ####### ? ??????? | | ???????????????????????### h ## ## ##??????? | | ??????????????????????####! %[ ##??????? | | ?????????????????????#####*& ##??????? | | #####????????????????### !%%** ###??????? | | #####????????????????##R&@R=&&! ####??????? | | ## ##????????????????##"|[%*%!&[ ####???????? | | ##????????????????###%%]c##! ###????????? | | ##????????????????###%g%#### ##?????????? | | ##????????????????##==[%####### ###?????????? | | ###???????????????###!=!= #### ####?????????? | | ####??????????????#### ### ###??????????? | | ###???????????????### ###???????????? | | ##????????????????### ###???????????? | | # ##??????######??##### #######????????????? | | # ##??????#######?##### #######????????????? | | ## ##??????## ###### ###????????????????? | | ### ###????### ##### ##????????????????? | | ### ########## #### ##????????????????? | | ### ######## # ## ## ##????????????????? | | ## ## ### ##????????????????? | | ## #######????????????????? | | ### ###### ### ##########????????????????? | | ### #### ##################?????????????????????? | | ?#############??#########????????????????????????? | | ?####?######?????????????????????????????????????? | | ?????????????????????????????????????????????????? | | ?????????????????????????????????????????????????? | | ?????????????????????????????????????????????????? | | ?????????????????????????????????????????????????? | +----------------------------------------------------+ Best States ------------- Heat Dissipation 37 Energy Generation 19 Energy Capacity 430 Matter Stores 300 Matter Capacity 300 Sight Range 17 Robot Scan Range 6 Terrain Scan Range 14 Terrain Scan Density 285 Weapon Shielding 33 Evasion (%) 55 Recoil Reduction 2 Item Schematics ----------------- None Robot Schematics ------------------ None Fabricated ------------ Nothing Repaired ---------- Nothing Studied --------- None Alien Tech Used ----------------- None Achievements -------------- For Emergencies Only Organ Harvest Overwhelming Power Corrupts Challenges ------------ None RPGLIKE | -11 -10 -10 --------- Run | Yrd Mat Sub Levels Raised 3 | . 3 . XP Earned 8768 | 3000 4768 1000 XP Spent 7460 | 2995 4465 . Upgrades 27 | 16 11 . Power Slot 1 | 1 . . Propulsion Slot 1 | 1 . . Utility Slot 2 | 1 1 . Weapon Slot 2 | 1 1 . Core Integrity 5 | 2 3 . Heat Dissipation 2 | 2 . . Mass Support 1 | 1 . . Inventory Capacity 1 | 1 . . Sight Range 1 | 1 . . Sensor Range 3 | 3 . . Terrain Scan Density 2 | 2 . . Melee Accuracy 6 | . 6 . Protomatter Created 134 | . 134 . Integrity Restored 393 | . 393 . Core 393 | . 393 . Protomatter Decayed 51 | . 3 48 Game ------ Seed OpticalTargetingLance Manual? 0 Play Time 00:55:52 Cumulative 8.9 hours Start 2026.02.10 @ 19:10:32 End 2026.02.10 @ 20:15:45 Sessions 1 Manual Loads 0 Difficulty Rogue Special Mode Winter2019/RPGLIKE Game No. 5 Rogue 5 Adventurer 0 Explorer 0 Win Type - Total 0 Types 0/0/0/0/0/0/0/0/0/0 Lore% 7 Gallery% 8 Achievement% 11 Wizard Run 0 Options --------- Layout 1 ASCII 0 Keyboard 0 Movement Mouse Keybinds 0 Fullscreen 1 Font 32/SmallcapsGlow Map View 50x40 Zoom Use 0% Tactical HUD 1 Map Filters NONE Filters NONE Steam 1 RUN: bb83842d-6a29-4dd9-8ec4-715e2c89c162